Map: 宿怨战场-天梯版

Players

Time (Oliveira) - Winner!

  • Race: Terran Terran

ShahriarDeMi

  • Race: Terran Terran
  • League: Diamond

Event: WESG 2018 Grand Finals

VOD

Have the link to the VOD?

Description

Time

  • Played on: March 12, 2019, 3:05 a.m.
  • Length: 9:25

All games in this series

Show
View Real Time Build Order
Export as new Build Order

Time Terran - Winner!

Build Orders:  

Get SALT Encoding   

  12  0:00  SCV  
  13  0:13  SCV  
  14  0:17  Supply Depot  
  14  0:25  SCV  
  15  0:30  Refinery  
  15  0:38  SCV  
  16  0:45  Barracks  
  16  0:51  SCV  
  17  0:57  Refinery  
  17  1:03  SCV  
  18  1:15  SCV  
  19  1:33  Reaper, Orbital Command  
  19  1:37  Factory  
  20  1:44  Supply Depot  
  20  1:59  SCV  
  21  2:05  Reaper  
  22  2:11  SCV  
  23  2:22  Hellion  
  25  2:29  SCV  
  26  2:32  Command Center  
  26  2:37  Reaper  
  26  2:43  Hellion  
  29  2:44  Starport  
  29  2:50  Supply Depot  
  29  2:53  SCV  
  30  3:06  Factory Tech Lab, SCV  
  30  3:10  Barracks Tech Lab  
  31  3:18  SCV  
  32  3:24  Cyclone  
  35  3:27  Refinery  
  35  3:30  SCV  
  36  3:41  Raven  
  36  3:42  SCV  
  36  3:48  Orbital Command  
  39  3:54  Barracks Reactor, SCV  
  38  4:06  SCV  
  38  4:07  Siege Tank  
  42  4:13  SCV  
  43  4:18  SCV  
  44  4:25  SCV  
  44  4:28  Supply Depot  
  44  4:30  SCV  
  46  4:32  Raven  
  46  4:37  SCV  
  46  4:38  Marine x2  
  51  4:42  SCV  
  51  4:44  Command Center  
  52  4:50  Supply Depot, Siege Tank  
  52  4:51  SCV, Supply Depot  
  56  4:54  SCV  
  56  4:57  Marine  
  56  4:58  Marine  
  59  5:04  SCV  
  59  5:07  SCV  
  60  5:16  SCV  
  60  5:19  SCV  
  61  5:25  Siege Tank  
  61  5:26  Marine, Viking x2  
  61  5:28  SCV  
  69  5:30  Refinery  
  69  5:32  Stimpack  
  69  5:33  SCV  
  70  5:40  SCV  
  71  5:45  SCV  
  71  5:46  Marine  
  73  5:50  Engineering Bay  
  73  5:51  Engineering Bay  
  73  5:52  SCV  
  73  5:57  Viking x2  
  76  6:00  Orbital Command  
  76  6:03  Marine  
  79  6:06  Siege Tank  
  79  6:08  SCV  
  79  6:10  Supply Depot  
  83  6:12  SCV  
  83  6:20  SCV  
  83  6:24  SCV  
  85  6:28  Barracks  
  85  6:30  Orbital Command  
  85  6:31  Barracks  
  85  6:32  Terran Infantry Weapons Level 1, Terran Infantry Armor Level 1, SCV  
  86  6:36  SCV  
  87  6:41  Siege Tank  
  87  6:45  SCV, Viking  
  87  6:46  Viking  
  95  6:49  Marine  
  95  6:52  SCV  
  97  6:55  SCV  
  97  6:57  SCV  
  99  7:01  Barracks  
  99  7:02  Barracks  
  99  7:03  Supply Depot  
  99  7:04  SCV  
  99  7:06  Sensor Tower  
  99  7:07  SCV  
  101  7:10  Marine  
  101  7:17  Barracks Reactor  
  101  7:20  Barracks Reactor  
  101  7:24  SCV x3  
  101  7:26  Supply Depot  
  104  7:32  Armory  
  104  7:33  Supply Depot  
  104  7:34  Supply Depot  
  104  7:36  SCV x3  
  107  7:38  Marine  
  107  7:39  Command Center  
  108  7:47  Siege Tank  
  108  7:48  SCV  
  108  7:50  SCV  
  113  7:52  SCV  
  113  7:54  Refinery x2  
  113  7:58  Barracks Reactor x2, Marine  
  114  7:59  Marine x3  
  114  8:01  Marine, Missile Turret  
  114  8:02  SCV  
  114  8:04  Missile Turret  
  120  8:10  Medivac x2  
  124  8:16  Marine x2  
  124  8:17  Marine  
  124  8:18  Supply Depot  
  127  8:20  Sensor Tower, Marine x2  
  127  8:22  SCV  
  127  8:26  SCV  
  128  8:33  SCV  
  129  8:34  Marine x2  
  129  8:35  Marine x2  
  129  8:40  Marine x4, Supply Depot  
  137  8:41  Marine, Supply Depot  
  138  8:52  Marine x2  
  138  8:55  Marine x2  
  142  8:57  Marine x3  
  142  8:59  Sensor Tower  
  142  9:00  SCV  
Show
View Real Time Build Order
Export as new Build Order

ShahriarDeMi Terran 

Build Orders: 1/1/1, Mech 

Get SALT Encoding   

  12  0:00  SCV  
  13  0:12  SCV  
  14  0:18  Supply Depot  
  14  0:25  SCV  
  15  0:30  Refinery  
  15  0:40  SCV  
  16  0:45  Barracks  
  16  0:52  SCV  
  17  0:57  Refinery  
  17  1:04  SCV  
  18  1:16  SCV  
  20  1:32  Reaper  
  20  1:33  Orbital Command  
  20  1:37  Factory  
  20  1:46  Supply Depot  
  20  1:58  SCV  
  21  2:05  Reaper  
  22  2:11  SCV  
  23  2:22  Hellion  
  24  2:23  Starport  
  24  2:27  SCV  
  25  2:42  Barracks Reactor  
  25  2:44  Command Center  
  25  2:48  Factory Tech Lab  
  25  2:49  SCV  
  26  2:57  Supply Depot  
  26  3:01  SCV  
  27  3:12  Cyclone  
  30  3:14  SCV  
  30  3:19  Marine x2  
  33  3:27  Starport Tech Lab  
  33  3:32  SCV  
  34  3:37  Marine x2  
  35  3:50  SCV  
  35  3:54  Raven  
  37  3:57  Orbital Command, Marine  
  37  4:02  SCV, Siege Tank  
  42  4:10  Refinery  
  42  4:14  SCV  
  43  4:17  Marine x2  
  43  4:21  Orbital Command  
  45  4:26  SCV  
  46  4:35  Marine  
  47  4:38  Raven, SCV  
  50  4:47  SCV  
  50  4:50  SCV  
  50  4:52  Supply Depot  
  52  4:56  Siege Tank  
  52  4:57  Engineering Bay  
  52  4:59  Marine, SCV  
  57  5:05  SCV  
  55  5:12  SCV  
  53  5:17  SCV  
  53  5:24  SCV  
  53  5:25  Raven  
  53  5:26  Marine x2  
  58  5:29  SCV  
  59  5:36  SCV  
  59  5:41  Siege Tank, SCV  
  64  5:48  SCV  
  65  5:50  Marine  
  65  5:51  Supply Depot  
  65  5:53  SCV  
  67  5:58  Marine  
  67  6:00  SCV  
  67  6:03  Supply Depot  
  69  6:05  SCV  
  70  6:12  SCV  
  70  6:17  SCV  
  67  6:27  Marine x2, Siege Tank  
  67  6:28  SCV  
  67  6:31  Command Center  
  73  6:34  Starport Reactor  
  73  6:39  SCV  
  74  6:41  SCV  
  74  6:45  Supply Depot  
  75  6:48  Marine x2  
  75  6:51  SCV  
  75  6:53  Factory, SCV  
  79  6:59  Siege Tank  
  82  7:06  SCV  
  83  7:10  Supply Depot  
  83  7:26  Viking x2  
  83  7:27  SCV  
  83  7:29  Refinery  
  88  7:30  Factory, SCV  
  88  7:31  Siege Tank  
  92  7:39  SCV  
  92  7:43  Siege Tank  
  96  7:45  Refinery  
  96  7:56  Viking  
  98  8:00  Viking  
  100  8:07  SCV  
  100  8:08  Orbital Command, SCV  
  103  8:20  SCV x2  
  103  8:24  Marine x2  
  103  8:25  Siege Tank  
  103  8:26  Viking  
  111  8:32  SCV  
  112  8:35  Viking, Siege Tank  
  112  8:40  Supply Depot  
  117  8:42  Supply Depot  
  117  9:02  Marine x2, SCV x3  
Tags
 
Add a new tag
Caveats
  • Supply blocks, unpowered buildings, or Contaminate may cause inaccurate times.
  • Supply counts are checked every 10 seconds.